 Dungeon Crawl Stone Soup version 0.27-a0-1084-g78b3836a5f (webtiles) character file.

Game seed: 7290207981568773828

29 robertstho the Magician (level 3, -11/25 HPs)
             Began as a Djinni Ice Elementalist on Apr 26, 2021.
             Mangled by an iguana (13 damage)
             ... on level 2 of the Dungeon.
             The game lasted 00:02:19 (1253 turns).

robertstho the Magician (Djinni Ice Elementalist)   Turns: 1253, Time: 00:02:20

Health: -11/25     AC:  3    Str:  5 (7)  XL:     3   Next: 16%
Gold:   0          EV: 12    Int: 14 (17) God:
                   SH:  0    Dex: 12 (13)

rFire    + + .     SeeInvis .   e - +0 dagger
rCold    x . .     Faith    .   (no shield)
rNeg     . . .     Spirit   .   a - +0 robe
rPois    ∞         Reflect  .   (no helmet)
rElec    .         Harm     .   g - +0 cloak
rCorr    .         Rampage  .   (no gloves)
Will     .....                  (boots unavailable)
Stlth    ++........             i - amulet of regeneration
HPRegen  1.08/turn              (no ring)
MPRegen  0.00/turn              (no ring)

@: freezing walls, flying
A: fire resistance 2, cold vulnerability 1, float, innate caster, hp casting,
extra vitality 1
a: no special abilities


You were on level 2 of the Dungeon.
You visited 1 branch of the dungeon, and saw 2 of its levels.

Inventory:

Hand Weapons
 e - a +0 dagger (weapon)
Armour
 a - a +0 robe (worn)
 g - a +0 cloak (worn)
Jewellery
 i - an amulet of regeneration (around neck)
Scrolls
 c - a scroll of teleportation {unknown}
 d - a scroll of brand weapon {unknown}
 h - 2 scrolls of identify {unknown}
 j - 3 scrolls of fear {unknown}
Potions
 f - a potion of flight {unknown}
 k - a potion of curing {unknown}


   Skills:
 + Level 2.1 Dodging
 * Level 1.8 Stealth
 * Level 4.3 Spellcasting


You couldn't memorise any spells.
You knew the following spells:

 Your Spells              Type           Power      Damage    Failure   Level
a - Freeze                Ice            60%        1d8       3%          1
b - Frozen Ramparts       Ice            30%        1d5       10%         3
c - Ozocubu's Armour      Ice            15%        N/A       10%         3
d - Hailstorm             Conj/Ice       15%        3d5       30%         4
e - Metabolic Englaciati  Hex/Ice        7%         N/A       65%         5
f - Beastly Appendage     Tmut           30%        N/A       3%          1
Your spell library was empty.

Dungeon Overview and Level Annotations

Branches:
Dungeon (2/15)

Altars:

Shops:
D:1 !


Innate Abilities, Weirdness & Mutations

You are immune to poison.
Your flesh is very heat resistant. (rF++)
You are vulnerable to cold. (rC-)
You float through the air rather than walking.
You learn spells naturally, not from books.
Your magical power is your life essence.
You have superior vitality. (+4 HP)


Message History

The wall freezes the jackal. x3
You hit the jackal.
You kill the jackal!
The wall freezes the jackal.
You kill the jackal!
No target in view!
No target in view!
No target in view!
HP restored.
The frozen ramparts melt away as you move.
You see here a jackal corpse.
You see here a jackal corpse.
You see here a jackal corpse.
Found a stone staircase leading up.
As you open the door, it creaks loudly!
Found a scale mail.
There is an open door here.
Found a stone staircase leading down.
An iguana comes into view.
An iguana is nearby!
An iguana is nearby!
An iguana is nearby!
The iguana hisses angrily.
You hit the iguana but do no damage. The iguana bites you!
Casting: Frozen Ramparts (quite dangerous; 8% risk of failure)
Confirm with . or Enter, or press ? or * to list all spells.
The spell is quite dangerous to cast (8% risk of failure)!
Continue anyway? [Y]es or [N]o only, please.
The spell is quite dangerous to cast (8% risk of failure)!
Continue anyway?
Casting: Frozen Ramparts (quite dangerous; 8% risk of failure)
Press: ? - help, Dir - look around, f - activate The walls around you are covered in ice.
The wall freezes the iguana.
The iguana bites you!
* * * LOW HITPOINT WARNING * * *
It was a potion of degeneration.
There was something very wrong with that liquid.
You feel weakened.
You feel dopey.
You feel clumsy.
The wall freezes the iguana.
The iguana bites you!
Ouch! That really hurt!
You die...

###############
..............#
..............########+#
......l@..............>.
.###########............
#.[..........
#............
#............
#..^.........
#............
#............
#######'#####


You could see an iguana.

Vanquished Creatures
  3 ball pythons
  An endoplasm (D:1)
  4 goblins (D:1)
  4 hobgoblins (D:1)
  4 jackals (D:2)
  A kobold (D:2)
  2 quokkas (D:1)
  A bat (D:1)
  3 frilled lizards (D:1)
  2 rats (D:1)
25 creatures vanquished.

Notes
Turn   | Place    | Note
-------+----------+-------------------------------------------
     0 | D:1      | robertstho the Djinni Ice Elementalist began the quest for
                  | the Orb.
     0 | D:1      | Reached XP level 1. HP: 15/15 MP: 0/0
   265 | D:1      | Reached XP level 2. HP: 11/21 MP: 0/0
   487 | D:1      | Reached skill level 4 in Spellcasting
   772 | D:1      | Found Himim's Distillery.
  1072 | D:2      | Reached XP level 3. HP: 25/25 MP: 0/0
  1072 | D:2      | Learned a level 1 spell: Beastly Appendage
  1082 | D:2      | Found a faded altar of an unknown god.
  1252 | D:2      | HP: 1/25 [iguana (10)]
  1253 | D:2      | Mangled by an iguana

Illustrated notes

Levels and vault maps discovered:
D:1:      dpeg_arrival_water_temple_mockup, layout_basic, serial_shops,
          shop_fountains
D:2:      layout_basic, ebering_ecumenical_altar_rust, serial_shops,
          nicolae_shop_statue_plus, basic_altar

Skill      XL: |  1  2 |
---------------+-------+-----
Spellcasting   | 4 |  4.3
Dodging        | |  2.1
Stealth        | |  1.8

Action                   || total
-------------------------++-------
Melee: Dagger            ||    22
 Cast: Freeze            ||    25
       Frozen Ramparts   ||     2
  Use: Potion            ||     1
 Stab: Sleeping          ||     2
Armor: Robe              ||    12
Dodge: Dodged            ||    26

Table legend: (Time is in decaauts)
 A = Elapsed time spent in this place.
 B = Non-inter-level travel time spent in this place.
 C = Inter-level travel time spent in this place.
 D = Time resting spent in this place.
 E = Time spent auto-exploring this place.
 F = Levels seen in this place.
 G = Mean time per level.
                   A        B        C        D        E       F      G
               +--------+--------+--------+--------+--------+-----+--------+
         Total |   1252 |   1235 |     17 |      0 |   1082 |   2 |  626.0 |
       Dungeon |   1252 |   1235 |     17 |      0 |   1082 |   2 |  626.0 |
               +--------+--------+--------+--------+--------+-----+--------+

Top non-repeatable levels by time:
     D:1: 988 daAuts
     D:2: 263 daAuts
